TOP OF THE 1ST |
---|
Louisiana State Tigers batting - Pitching for Colorado Buffaloes : RHP Nate Stephens | Pitching: RHP Nate Stephens | | Batting: RHB Fernando Rodríguez | 0-0: Called Strike 0-1: SINGLE (Line Drive, 6MD) | Batting: LHB Jerry Flatt | 0-0: Ball 1-0: Called Strike 1-1: Foul Ball, location: 2F 1-2: Ball 2-2: Ball 3-2: Foul Ball, location: 2F 3-2: Strikes out looking Fernando Rodríguez is caught stealing 2nd base Batter strikes out. | Batting: RHB John Howell | 0-0: Ball 1-0: Swinging Strike 1-1: Ball 2-1: Ball 3-1: Foul Ball, location: 2F 3-2: Foul Ball, location: 2F 3-2: Strikes out swinging | Top of the 1st over - 0 runs, 1 hit, 0 errors, 0 left on base; Louisiana State 0 - Colorado 0 | BOTTOM OF THE 1ST |
---|
Colorado Buffaloes batting - Pitching for Louisiana State Tigers : RHP Jed Wilson | Pitching: RHP Jed Wilson | | Batting: RHB Mike Clark | 0-0: Ball 1-0: Ball 2-0: Ground out 4-3 (Groundball, 4) | Batting: RHB Bill Peterson | 0-0: Ball 1-0: Foul Ball, location: 2F 1-1: Ball 2-1: Called Strike 2-2: Foul Ball, location: 2F 2-2: Foul Ball, location: 2F 2-2: Ball 3-2: Base on Balls | Batting: LHB Claudio Jaramillo | 0-0: Called Strike 0-1: Called Strike 0-2: Ball 1-2: Strikes out swinging | Batting: LHB Jack Jefferson | 0-0: Foul Ball, location: 2F 0-1: Ball 1-1: Called Strike 1-2: SINGLE (Line Drive, 4M) Bill Peterson to second | Batting: RHB Preston Manning | 0-0: SINGLE (Flyball, 9LM) Bill Peterson to third Jack Jefferson to second | Batting: LHB Larry Chase | 0-0: Ball 1-0: Ball 2-0: SINGLE (Flyball, 89S) Bill Peterson scores Jack Jefferson to third Preston Manning to second Runner from 3rd tries for Home, SAFE, no throw | Batting: RHB Frank Ruffin | 0-0: Called Strike 0-1: Ball 1-1: Ball 2-1: Ball 3-1: Swinging Strike 3-2: Foul Ball, location: 2F 3-2: Strikes out looking | Bottom of the 1st over - 2 runs, 3 hits, 0 errors, 2 left on base; Louisiana State 0 - Colorado 2 | TOP OF THE 2ND |
---|
Louisiana State Tigers batting - Pitching for Colorado Buffaloes : RHP Nate Stephens | Batting: LHB Ronald Wallace | 0-0: Ball 1-0: Ball 2-0: Ground out 2-3 (Groundball, 2L) | Batting: RHB Ernesto Quintero | 0-0: Fly out, F5 (Popup, 6S) | Batting: LHB Mark Potter | 0-0: Fly out, F6 (Line Drive, 56) | Top of the 2nd over - 0 runs, 0 hits, 0 errors, 0 left on base; Louisiana State 0 - Colorado 2 | BOTTOM OF THE 2ND |
---|
Colorado Buffaloes batting - Pitching for Louisiana State Tigers : RHP Jed Wilson | Batting: LHB Wayne Morgan | 0-0: Foul Ball, location: 2F 0-1: Ball 1-1: Ball 2-1: SINGLE (Flyball, 7LM) | Batting: LHB Scott Hall | 0-0: Ball 1-0: Ball 2-0: Ball 3-0: Called Strike 3-1: Base on Balls Wayne Morgan to second | Batting: RHB Mike Clark | 0-0: Hit by Pitch Wayne Morgan to third Scott Hall to second | Batting: RHB Bill Peterson | 0-0: Swinging Strike 0-1: Called Strike 0-2: Strikes out swinging | Batting: LHB Claudio Jaramillo | 0-0: Ball 1-0: Foul Ball, location: 2F 1-1: Foul Ball, location: 2F 1-2: Foul Ball, location: 2F 1-2: Fly out, F7 (Flyball, 7) | Batting: LHB Jack Jefferson | 0-0: Called Strike 0-1: Ground out 4-3 (Groundball, 4) | Bottom of the 2nd over - 0 runs, 1 hit, 0 errors, 3 left on base; Louisiana State 0 - Colorado 2 | TOP OF THE 3RD |
---|
Louisiana State Tigers batting - Pitching for Colorado Buffaloes : RHP Nate Stephens | Batting: RHB Devin Taylor | 0-0: Fly out, F7 (Flyball, 7) | Batting: LHB Rick Owens | 0-0: Ball 1-0: Called Strike 1-1: Foul Ball, location: 2F 1-2: Strikes out looking | Batting: RHB Mike Cooley | 0-0: Foul Ball, location: 2F 0-1: Ball 1-1: Ball 2-1: Ground out 6-3 (Groundball, 6M) | Top of the 3rd over - 0 runs, 0 hits, 0 errors, 0 left on base; Louisiana State 0 - Colorado 2 | BOTTOM OF THE 3RD |
---|
Colorado Buffaloes batting - Pitching for Louisiana State Tigers : RHP Jed Wilson | Batting: RHB Preston Manning | 0-0: Ground out 6-3 (Groundball, 6) | Batting: LHB Larry Chase | 0-0: Called Strike 0-1: Ball 1-1: SOLO HOME RUN (Flyball, 9LD), Distance : 325 ft | Batting: RHB Frank Ruffin | 0-0: Ball 1-0: Swinging Strike 1-1: Swinging Strike 1-2: Ball 2-2: Ball 3-2: Foul Ball, location: 2F 3-2: Foul Ball, location: 2F 3-2: Strikes out swinging | Batting: LHB Wayne Morgan | 0-0: Swinging Strike 0-1: Called Strike 0-2: Ball 1-2: Strikes out looking | Bottom of the 3rd over - 1 run, 1 hit, 0 errors, 0 left on base; Louisiana State 0 - Colorado 3 | TOP OF THE 4TH |
---|
Louisiana State Tigers batting - Pitching for Colorado Buffaloes : RHP Nate Stephens | Batting: RHB Fernando Rodríguez | 0-0: Ball 1-0: Ball 2-0: Ball 3-0: Base on Balls | Batting: LHB Jerry Flatt | 0-0: Called Strike 0-1: Ball 1-1: Foul Ball, location: 2F 1-2: Ball 2-2: Foul Ball, location: 2F 2-2: Foul Ball, location: 2F 2-2: Ball Passed Ball! Fernando Rodríguez to second 3-2: 2-RUN HOME RUN (Flyball, 9LD), Distance : 326 ft | Batting: RHB John Howell | 0-0: Swinging Strike 0-1: Ball 1-1: Foul Ball, location: 2F 1-2: Foul Ball, location: 2F 1-2: DOUBLE (Groundball, 5L) | Batting: LHB Ronald Wallace | 0-0: Ball 1-0: Ball 2-0: Called Strike 2-1: Foul Ball, location: 2F 2-2: Strikes out swinging | Batting: RHB Ernesto Quintero | 0-0: Fly out, F7 (Flyball, 7LM) | Batting: LHB Mark Potter | 0-0: Ball 1-0: Called Strike 1-1: Ball 2-1: Ball 3-1: Base on Balls | Batting: RHB Devin Taylor | 0-0: Foul Ball, location: 2F 0-1: SINGLE (Line Drive, 34D) John Howell to third Mark Potter to second Runner from 3rd tries for Home, SAFE, throw made home | Batting: LHB Rick Owens | 0-0: Called Strike 0-1: Foul Ball, location: 2F 0-2: Foul Ball, location: 2F 0-2: Ball 1-2: SINGLE (Flyball, 78S) Mark Potter to third Devin Taylor to second Runner from 3rd tries for Home, SAFE, no throw | Batting: RHB Mike Cooley | 0-0: Ball 1-0: SINGLE (Line Drive, 78M) Devin Taylor to third Rick Owens to second Runner from 3rd tries for Home, SAFE, throw made home | Batting: RHB Fernando Rodríguez | 0-0: Ground out 4-3 (Groundball, 4M) | Top of the 4th over - 5 runs, 5 hits, 0 errors, 2 left on base; Louisiana State 5 - Colorado 3 | BOTTOM OF THE 4TH |
---|
Colorado Buffaloes batting - Pitching for Louisiana State Tigers : RHP Jed Wilson | Batting: LHB Scott Hall | 0-0: Foul Ball, location: 2F 0-1: Ground out 2-3 (Groundball, 15S) | Batting: RHB Mike Clark | 0-0: Swinging Strike 0-1: Ball 1-1: Foul Ball, location: 2F 1-2: DOUBLE (Line Drive, 78D) | Batting: RHB Bill Peterson | 0-0: Ball 1-0: Foul Ball, location: 2F 1-1: Swinging Strike 1-2: Foul Ball, location: 2F 1-2: Foul Ball, location: 2F 1-2: Ball 2-2: Ground out U3 (Groundball, 34) Mike Clark to third | Batting: LHB Claudio Jaramillo | 0-0: Called Strike 0-1: Ball 1-1: Called Strike 1-2: Foul Ball, location: 2F 1-2: Ball 2-2: Ball 3-2: Fly out, F8 (Line Drive, 8LM) | Bottom of the 4th over - 0 runs, 1 hit, 0 errors, 1 left on base; Louisiana State 5 - Colorado 3 | TOP OF THE 5TH |
---|
Louisiana State Tigers batting - Pitching for Colorado Buffaloes : RHP Nate Stephens | Pitching: LHP José Cruz | | Batting: LHB Jerry Flatt | 0-0: Called Strike 0-1: Ball 1-1: SINGLE (Groundball, 4D) | Batting: RHB John Howell | 0-0: Hit by Pitch Jerry Flatt to second | Batting: LHB Ronald Wallace | 0-0: Called Strike 0-1: Ball 1-1: Grounds into double play, 5-4-3 (Groundball, 56) Jerry Flatt to third | Batting: RHB Ernesto Quintero | 0-0: Foul Ball, location: 2F 0-1: Ball 1-1: Foul Ball, location: 2F 1-2: Strikes out swinging | Top of the 5th over - 0 runs, 1 hit, 0 errors, 1 left on base; Louisiana State 5 - Colorado 3 | BOTTOM OF THE 5TH |
---|
Colorado Buffaloes batting - Pitching for Louisiana State Tigers : RHP Jed Wilson | Pitching: LHP Sean Lester | | Batting: LHB Jack Jefferson | 0-0: Called Strike 0-1: Ball 1-1: Foul Ball, location: 2F 1-2: Foul Ball, location: 2F 1-2: SINGLE (Line Drive, 89S) | Batting: RHB Preston Manning | 0-0: Called Strike 0-1: Ball 1-1: Ball 2-1: Foul Ball, location: 2F 2-2: SINGLE (Line Drive, 4MD) Jack Jefferson to second | Batting: LHB Larry Chase | 0-0: Ball 1-0: Grounds into double play, 1-6-3 (Groundball, 13) Jack Jefferson to third | Batting: RHB Frank Ruffin | 0-0: Called Strike 0-1: Ball 1-1: Foul Ball, location: 2F 1-2: Ball 2-2: DOUBLE (Line Drive, 9LS) Jack Jefferson scores | Batting: LHB Wayne Morgan | 0-0: Called Strike 0-1: Foul Ball, location: 2F 0-2: SINGLE (Groundball, 34D) Frank Ruffin to third Runner from 3rd tries for Home, SAFE, no throw | Batting: LHB Scott Hall | 0-0: Ground out 1-3 (Groundball, 13) | Bottom of the 5th over - 2 runs, 4 hits, 0 errors, 1 left on base; Louisiana State 5 - Colorado 5 | TOP OF THE 6TH |
---|
Louisiana State Tigers batting - Pitching for Colorado Buffaloes : LHP José Cruz | Batting: LHB Mark Potter | 0-0: Called Strike 0-1: Swinging Strike 0-2: Foul Ball, location: 2F 0-2: Foul Ball, location: 2F 0-2: Ground out 6-3 (Groundball, 6M) | Batting: RHB Devin Taylor | 0-0: Ball 1-0: Swinging Strike 1-1: Ground out U3 (Groundball, 3) | Batting: LHB Rick Owens | 0-0: SOLO HOME RUN (Flyball, 9LD), Distance : 323 ft | Batting: RHB Mike Cooley | 0-0: Ball 1-0: Foul Ball, location: 2F 1-1: Called Strike 1-2: Ball 2-2: Ball 3-2: Base on Balls | Batting: RHB Fernando Rodríguez | 0-0: Ball 1-0: Called Strike 1-1: Called Strike 1-2: Foul Ball, location: 2F 1-2: SINGLE (Line Drive, 8LS) Mike Cooley to second | Batting: LHB Jerry Flatt | 0-0: Called Strike 0-1: Swinging Strike 0-2: Ball 1-2: Foul Ball, location: 2F 1-2: SINGLE (Groundball, 6D) Mike Cooley to third Fernando Rodríguez to second Runner from 3rd tries for Home, SAFE, no throw | Pitching: RHP Geoff Reeves | | Batting: RHB John Howell | 0-0: Ball 1-0: Ball 2-0: Called Strike 2-1: Ball 3-1: Called Strike 3-2: Strikes out swinging | Top of the 6th over - 2 runs, 3 hits, 0 errors, 2 left on base; Louisiana State 7 - Colorado 5 | BOTTOM OF THE 6TH |
---|
Colorado Buffaloes batting - Pitching for Louisiana State Tigers : LHP Sean Lester | Pitching: LHP Héctor Torres | | Batting: RHB Mike Clark | 0-0: Called Strike 0-1: Ball 1-1: Called Strike 1-2: Fly out, F7 (Line Drive, 7D) | Batting: RHB Bill Peterson | 0-0: Ball 1-0: Foul Ball, location: 2F 1-1: Swinging Strike 1-2: Ball 2-2: Foul Ball, location: 2F 2-2: Ball 3-2: Strikes out looking | Batting: LHB Claudio Jaramillo | 0-0: Fly out, F9 (Flyball, 9S) | Bottom of the 6th over - 0 runs, 0 hits, 0 errors, 0 left on base; Louisiana State 7 - Colorado 5 | TOP OF THE 7TH |
---|
Louisiana State Tigers batting - Pitching for Colorado Buffaloes : RHP Geoff Reeves | Pitching: LHP Mark Harper | | Batting: LHB Ronald Wallace | 0-0: Fly out, F9 (Line Drive, 89M) | Pitching: LHP Sherwood Scott | | Batting: RHB Ernesto Quintero | 0-0: Called Strike 0-1: Ball 1-1: Called Strike 1-2: Foul Ball, location: 2F 1-2: Strikes out swinging | Batting: LHB Mark Potter | 0-0: Ball 1-0: Ball 2-0: Swinging Strike 2-1: Ball 3-1: Foul Ball, location: 2F 3-2: Strikes out looking | Top of the 7th over - 0 runs, 0 hits, 0 errors, 0 left on base; Louisiana State 7 - Colorado 5 | BOTTOM OF THE 7TH |
---|
Colorado Buffaloes batting - Pitching for Louisiana State Tigers : LHP Derek Jacobs | Pitching: LHP Derek Jacobs | | Batting: LHB Jack Jefferson | 0-0: Ball 1-0: Ball 2-0: Swinging Strike 2-1: Swinging Strike 2-2: Strikes out swinging | Batting: RHB Preston Manning | 0-0: Ball 1-0: Ball 2-0: Ball 3-0: Called Strike 3-1: Foul Ball, location: 2F 3-2: Foul Ball, location: 2F 3-2: Ground out 5-3 (Groundball, 56) | Batting: LHB Larry Chase | 0-0: Ball 1-0: Ball 2-0: Fly out, F8 (Flyball, 89D) | Bottom of the 7th over - 0 runs, 0 hits, 0 errors, 0 left on base; Louisiana State 7 - Colorado 5 | TOP OF THE 8TH |
---|
Louisiana State Tigers batting - Pitching for Colorado Buffaloes : LHP Sherwood Scott | Batting: RHB Devin Taylor | 0-0: Called Strike 0-1: Ball 1-1: Ground out 5-3 (Groundball, 56) | Batting: LHB Rick Owens | 0-0: Ball 1-0: Ball 2-0: Called Strike 2-1: Swinging Strike 2-2: Foul Ball, location: 2F 2-2: Ground out 3-1 (Groundball, 34) | Batting: RHB Mike Cooley | 0-0: Ball 1-0: Ball 2-0: Called Strike 2-1: Ball 3-1: Called Strike 3-2: Base on Balls | Batting: RHB Fernando Rodríguez | 0-0: Called Strike 0-1: Fly out, F9 (Flyball, 9LMF) | Top of the 8th over - 0 runs, 0 hits, 0 errors, 1 left on base; Louisiana State 7 - Colorado 5 | BOTTOM OF THE 8TH |
---|
Colorado Buffaloes batting - Pitching for Louisiana State Tigers : LHP Derek Jacobs | Batting: RHB Frank Ruffin | 0-0: Foul Ball, location: 2F 0-1: Swinging Strike 0-2: Strikes out swinging | Batting: LHB Wayne Morgan | 0-0: Swinging Strike 0-1: Foul Ball, location: 2F 0-2: Ball 1-2: Ground out U3 (Groundball, 3L) | Batting: LHB Scott Hall | 0-0: Ball 1-0: Called Strike 1-1: Foul Ball, location: 2F 1-2: Foul Ball, location: 2F 1-2: Ground out 4-3 (Groundball, 4MD) | Bottom of the 8th over - 0 runs, 0 hits, 0 errors, 0 left on base; Louisiana State 7 - Colorado 5 | TOP OF THE 9TH |
---|
Louisiana State Tigers batting - Pitching for Colorado Buffaloes : LHP Sherwood Scott | Batting: LHB Jerry Flatt | 0-0: Ball 1-0: Ground out 6-3 (Groundball, 6) | Batting: RHB John Howell | 0-0: Called Strike 0-1: Foul Ball, location: 2F 0-2: Ball 1-2: Ball 2-2: Foul Ball, location: 2F 2-2: Foul Ball, location: 2F 2-2: Ball 3-2: Base on Balls | Batting: LHB Ronald Wallace | 0-0: Ball 1-0: Swinging Strike 1-1: Ball 2-1: Foul Ball, location: 2F 2-2: Strikes out swinging | Batting: RHB Ernesto Quintero | 0-0: Called Strike 0-1: Swinging Strike 0-2: Ball 1-2: Reached on error, E6 (Groundball, 6) John Howell to second | Pinch Hitting: RHB Jonathan Bennett | 0-0: Ball 1-0: Called Strike 1-1: Swinging Strike 1-2: Ball 2-2: Foul Ball, location: 2F 2-2: Ball 3-2: Fly out, F7 (Line Drive, 78D) | Top of the 9th over - 0 runs, 0 hits, 1 error, 2 left on base; Louisiana State 7 - Colorado 5 | BOTTOM OF THE 9TH |
---|
Colorado Buffaloes batting - Pitching for Louisiana State Tigers : LHP Derek Jacobs | Pitching: RHP Cecil De La Garza | | Now at 2B: Ethan Ramos | | Batting: RHB Mike Clark | 0-0: Ball 1-0: Ground out 5-3 (Groundball, 56) | Batting: RHB Bill Peterson | 0-0: Called Strike 0-1: Ball 1-1: Ball 2-1: Fly out, F9 (Flyball, 9) | Batting: LHB Claudio Jaramillo | 0-0: Ball 1-0: SINGLE (Line Drive, 89S) | Pinch Runner at 1st Justin Collier: | | Batting: LHB Jack Jefferson | 0-0: Fly out, F8 (Flyball, 8RM) | Bottom of the 9th over - 0 runs, 1 hit, 0 errors, 1 left on base; Louisiana State 7 - Colorado 5 | |